 Dungeon Crawl Stone Soup version 0.28.0 (webtiles) character file.

Game seed: 2354003406726519284

1432 BALLS the Slasher (level 8, -4/43 HPs)
             Began as a Vine Stalker Fighter on Feb 24, 2022.
             Succumbed to a kobold brigand's curare-tipped dart
             ... on level 7 of the Dungeon.
             The game lasted 00:09:50 (5726 turns).

BALLS the Slasher (Vine Stalker Fighter)            Turns: 5726, Time: 00:09:50

Health: -4/43      AC:  0    Str: 21    XL:     8   Next: 73%
Magic:  3/9        EV:  9    Int:  3    God:
Gold:   266        SH:  8    Dex: 14    Spells: 7/7 levels left

rFire   + . .      SeeInvis .   a - +1 long sword
rCold   + . .      Faith    .   m - +3 buckler "Turofoxo" {rF+ rC+ rCorr Int-5}
rNeg    . . .      Spirit   +   b - +0 scale mail
rPois   .          Reflect  .   (no helmet)
rElec   .          Harm     .   (no cloak)
rCorr   +          Rampage  .   (no gloves)
Will    +....                   (no boots)
Stlth   ..........              (no amulet)
HPRegen 0.94/turn               u - ring of resist corrosion
MPRegen 0.11/turn               (no ring)

@: lethally poisoned (-4 -> -27), corroded, slowed, very slow
A: fangs 3, regeneration 1, magic shield, antimagic bite, no potion heal 2
a: no special abilities


You were on level 7 of the Dungeon.
You visited 1 branch of the dungeon, and saw 7 of its levels.

You collected 266 gold pieces.

Inventory:

Hand Weapons
 a - a +1 long sword (weapon)
Armour
 b - a +0 scale mail (worn)
 m - the +3 buckler "Turofoxo" (worn) {rF+ rC+ rCorr Int-5}
   (You found it on level 3 of the Dungeon)

   Int:       It affects your intelligence (-5).
   rF:        It protects you from fire.
   rC:        It protects you from cold.
   rCorr:     It protects you from acid and corrosion.
Jewellery
 n - a ring of ice
 u - a ring of resist corrosion (left hand)
Wands
 q - a wand of paralysis (6)
Scrolls
 f - a scroll of magic mapping
 g - a scroll of vulnerability
 h - 3 scrolls of enchant weapon
 i - 2 scrolls of fog
 j - 4 scrolls of teleportation
 o - a scroll of summoning {unknown}
 p - a scroll of silence {unknown}
 r - a scroll of enchant armour {unknown}
 s - a scroll of holy word {unknown}
 t - a scroll of identify
Potions
 c - a potion of flight
 d - a potion of might
 e - a potion of berserk rage
 k - a potion of lignification {unknown}
 l - a potion of heal wounds {unknown}


   Skills:
 - Level 5.0 Fighting
 - Level 7.0 Long Blades
 + Level 3.8 Armour
 - Level 5.0 Shields


You had 7 spell levels left.
You didn't know any spells.
Your spell library contained the following spells:

 Spells                   Type           Power      Damage    Failure   Level
 Scorch                   Fire           0%         2d5       97%         2
 Flame Wave               Conj/Fire      0%         2d4       100%        4
 Summon Cactus Giant      Summ           0%         N/A       100%        6
 Borgnjor's Revivificati  Necr           0%         N/A       100%        8
 Necromutation            Tmut/Necr      0%         N/A       100%        8
 Death's Door             Necr           0%         N/A       100%        9


Dungeon Overview and Level Annotations

Branches:
Dungeon (7/15)
 Temple: D:4-7

Altars:
Gozag
Kikubaaqudgha
Vehumet
Wu Jian

Shops:
D:3 *   D:4 **


Innate Abilities, Weirdness & Mutations

You have razor-sharp teeth.
Your natural rate of healing is unusually fast.
When hurt, damage is shared between your health and your magic reserves.
Your bite disrupts and absorbs the magic of your enemies.
Potions cannot restore your health.


Message History

The orc warrior hits you from afar with a +0 halberd!
You climb downwards.
There is a stone staircase leading up here.
You barely miss the rust devil.
You bite the rust devil, but do no damage.
The rust devil hits you. The rust devil corrodes you!
You hit the rust devil. You bite the rust devil. You drain its power.
You feel invigorated.
The rust devil is moderately wounded.
The rust devil completely misses you.
You closely miss the rust devil.
The rust devil is moderately wounded.
The rust devil hits you! The rust devil corrodes you!
You hit the rust devil but do no damage.
The rust devil is moderately wounded.
You block the rust devil's attack. The rust devil hits you!
You hit the rust devil. You bite the rust devil. You drain its power.
You feel invigorated.
The rust devil is heavily wounded.
The rust devil hits you!
* * * LOW HITPOINT WARNING * * *
You block the rust devil's attack.
A kobold brigand comes into view.
It is wielding a +0 short sword and quivering curare-tipped darts.
The kobold brigand shouts!
The kobold brigand throws a curare-tipped dart.
The curare-tipped dart hits you.
You are poisoned.
You have difficulty breathing.
You feel yourself slow down.
* * * LOW HITPOINT WARNING * * *
You feel extremely sick.
The kobold brigand throws a curare-tipped dart.
The curare-tipped dart hits you.
You are lethally poisoned!
You have difficulty breathing.
* * * LOW HITPOINT WARNING * * *
You feel as though you will be slow longer.
The rust devil hits you.
* * * LOW HITPOINT WARNING * * *
Okay, then.
You die...

#.[..............
##................
..####................. .
.....#..#.............. #.
#.......##....(........ #.
.........#....)<....... ##
#K............)........##.
#.....#...............#..
#....##@.........(......
##.....................
#...4##................
#.##.....(.............
###....................#
#.......................
####.............#.......
#.).#............#..###..
###...#...............###..


You could see a rust devil.

Vanquished Creatures
  A wyvern (D:6)
  2 water moccasins
  An ice beast (D:5)
  A bullfrog (D:5)
  2 scorpions
  A water moccasin zombie (D:6)
  A water moccasin skeleton (D:5)
  A killer bee (D:6)
  2 howler monkeys
  A bullfrog zombie (D:6)
  2 hounds
  A centaur skeleton (D:6)
  A gnoll shaman (D:5)
  A jelly (D:6)
  An orc wizard (D:6)
  An iguana (D:5)
  A howler monkey zombie (D:7)
  13 gnolls
  11 adders
  A shadow imp (D:5)
  An ufetubus (D:6)
  An adder zombie (D:5)
  2 adder skeletons
  A worm (D:3)
  A dart slug (D:4)
  13 orcs
  9 endoplasms
  3 giant cockroaches
  3 hobgoblins
  10 jackals
  6 kobolds
  6 quokkas
  4 ball pythons
  6 bats
  2 frilled lizards
  5 goblins
  9 rats
128 creatures vanquished.

Notes
Turn   | Place    | Note
-------+----------+-------------------------------------------
     0 | D:1      | BALLS the Vine Stalker Fighter began the quest for the Orb.
     0 | D:1      | Reached XP level 1. HP: 11/11 MP: 2/2
    38 | D:1      | Reached skill level 2 in Long Blades
   260 | D:1      | Reached XP level 2. HP: 15/16 MP: 1/3
   455 | D:1      | Found a faded altar of an unknown god.
   801 | D:1      | Reached skill level 3 in Long Blades
   914 | D:1      | Reached XP level 3. HP: 19/19 MP: 4/4
  2057 | D:2      | Gained mutation: Your natural rate of healing is unusually
                  | fast. [Vine Stalker growth]
  2057 | D:2      | Reached XP level 4. HP: 23/23 MP: 5/5
  2179 | D:3      | Reached skill level 4 in Long Blades
  2433 | D:3      | Found Loumnaza's General Store.
  2483 | D:3      | Found an ancient bone altar of Kikubaaqudgha.
  2557 | D:3      | Identified the +3 buckler "Turofoxo" {rF+ rC+ rCorr Int-5}
  2585 | D:3      | You fall into a shaft and drop 2 floors!
  2585 | D:5      | Entered Level 5 of the Dungeon
  2626 | D:4      | Reached XP level 5. HP: 21/27 MP: 6/6
  2984 | D:3      | Found a radiant altar of Vehumet.
  3166 | D:4      | Reached skill level 5 in Long Blades
  3359 | D:4      | Identified the +11 spear of the Beginning {protect, *Noise
                  | rF++ rC+}
  3452 | D:4      | Reached XP level 6. HP: 25/32 MP: 4/7
  3538 | D:4      | Found Luth's Specific Store.
  3540 | D:4      | Found Fioq's General Store.
  3772 | D:5      | Noticed a water moccasin
  3784 | D:4      | Killed a water moccasin
  3785 | D:4      | Reached skill level 6 in Long Blades
  3893 | D:5      | Reached XP level 7. HP: 35/35 MP: 6/8
  3953 | D:5      | Reached skill level 7 in Long Blades
  4818 | D:5      | Reached skill level 5 in Fighting
  4818 | D:5      | Gained mutation: You have razor-sharp teeth. [Vine Stalker
                  | growth]
  4818 | D:5      | Reached XP level 8. HP: 26/43 MP: 6/9
  5214 | D:6      | Noticed a wyvern
  5234 | D:6      | Killed a wyvern
  5344 | D:6      | Found an ornate altar of the Wu Jian Council.
  5434 | D:6      | Found an opulent altar of Gozag.
  5470 | D:6      | Reached skill level 5 in Shields
  5575 | D:6      | HP: 2/43 [poisoned by a water moccasin]
  5580 | D:6      | HP: 2/43 [poisoned by a water moccasin]
  5701 | D:6      | Noticed a rust devil
  5701 | D:6      | Noticed a rust devil
  5726 | D:7      | Succumbed to a kobold brigand's curare-tipped dart

Illustrated notes

Levels and vault maps discovered:
D:1:      onia_arrival_pyramid, layout_basic,
          hellmonk_ecumenical_altar_arch_garden, chequers_jeans
D:2:      layout_rooms, chequers_mini_garden
D:3:      layout_loops_cross, kiku_gazebo_pond_becter, marbit_many_paths,
          serial_shops, shop, hex_medium, minmay_stone_trees_small
D:4:      layout_gridville, nicolae_specific_store
D:5:      layout_layer_cave, serial_rivers, chequers_serial_rivers_small_a,
          chequers_serial_rivers_small_3, chequers_serial_rivers_micro_b,
          chequers_serial_rivers_small_a, chequers_serial_rivers_micro_e
D:6:      cheibrodos_iron_armory, layout_cave_pools, nzn_wu_jian_contemplation,
          general_overflow_altar
D:7:      layout_cave_pools, nemelex_dance_club_becter,
          brannock_xom_greatest_gift, temple_doors_cd

Skill      XL: |  1  2  3  4  5  6  7  8 |
---------------+-------------------------+-----
Long Blades    | 2 3 4 5 6 7 |  7.0
Fighting       | 5 |  5.0
Shields        | 3 5 |  5.0
Armour         | 3 |  3.8

Action                   |  1- 3 |  4- 6 |  7- 9 || total
-------------------------+-------+-------+-------++-------
Melee: Long sword        |   108 |   131 |   170 ||   409
       Bite              |    27 |    22 |    47 ||    96
  Use: Potion            |       |     1 |       ||     1
       Scroll            |       |       |     8 ||     8
Armor: Scale mail        |    52 |    36 |    64 ||   152
Dodge: Dodged            |    49 |    44 |    82 ||   175
Block: Buckler           |    28 |    48 |    84 ||   160
